 Dungeon Crawl Stone Soup version 0.24.0-123-gd5b16e6ec5 (webtiles) character file.

Game seed: 2934113562781934990, levelgen mode: deterministic

2132 foxmk the Fighter (level 9, -8/85 HPs)
             Began as a Minotaur Berserker on Dec 22, 2019.
             Was a Priest of Trog.
             Engulfed by a cloud of flame (32 damage)
             ... on level 7 of the Dungeon.
             The game lasted 00:24:25 (6147 turns).

foxmk the Fighter (Minotaur Berserker)              Turns: 6147, Time: 00:24:26

Health: -8/85      AC:  3    Str: 22    XL:     9   Next: 9%
Magic:  8/8        EV: 15    Int:  5    God:    Trog [***...]
Gold:   370        SH: 15    Dex: 14    Spells: 8/8 levels left

rFire    . . .     SeeInvis .   a - +0 mace
rCold    . . .     Gourm    .   w - +5 shield of the Eleven Seas {Dex+2}
rNeg     . . .     Faith    .   b - +1 animal skin
rPois    .         Spirit   .   (helmet restricted)
rElec    .         Reflect  .   (no cloak)
rCorr    .         Harm     .   (no gloves)
MR       .....                  (no boots)
Stlth    +.........             (no amulet)
HPRegen  0.24/turn              f - +3 ring of evasion
MPRegen  0.11/turn              (no ring)

@: no status effects
A: retaliatory headbutt, horns 2
a: Berserk, Trog's Hand, Renounce Religion


You were on level 7 of the Dungeon.
You worshipped Trog.
Trog was most pleased with you.
You were very hungry.

You visited 1 branch of the dungeon, and saw 7 of its levels.
You also visited: Sewer.

You collected 370 gold pieces.

Inventory:

Hand Weapons
 a - a +0 mace (weapon)
 e - a +0 flail
 t - a +1 shortbow of flaming
Missiles
 g - 120 arrows (quivered)
Armour
 b - a +1 animal skin (worn)
 j - a +0 ring mail
 w - the +5 shield of the Eleven Seas (worn) {Dex+2}
   (You found it on level 6 of the Dungeon)

   It affects your dexterity (+2).
Jewellery
 f - a +3 ring of evasion (left hand)
 p - a cursed ring of teleportation {unknown}
Wands
 v - a wand of enslavement (11)
Scrolls
 d - a scroll of fear
 h - 6 scrolls of teleportation
 i - 4 scrolls of fog
 k - 2 scrolls of identify
 l - a scroll of remove curse
 q - a scroll of enchant armour
Potions
 n - a potion of curing
 o - 2 potions of might {unknown}
 r - a potion of magic {unknown}
 s - 4 potions of flight
 u - a potion of haste {unknown}
 x - 2 potions of lignification
 z - 2 potions of invisibility
 A - a potion of brilliance {unknown}
Comestibles
 c - 6 rations


   Skills:
 - Level 10.2 Fighting
 - Level 7.0 Maces & Flails
 - Level 6.2 Armour
 + Level 4.1 Dodging
 * Level 5.1 Shields


You had 8 spell levels left.
You didn't know any spells.
Your spell library was empty.

Dungeon Overview and Level Annotations

Branches:
Dungeon (7/15)             Temple (0/1) D:5           Sewer (visited)

Altars:
Ashenzari
Elyvilon
Okawaru
Trog

Annotations:
D:3 3 runed translucent doors, Exporg's ghost, amateur MfGl
D:7 Dowan


Innate Abilities, Weirdness & Mutations

You reflexively headbutt those who attack you in melee.
You have a pair of horns on your head.


Message History

The centaur hits you.
Dowan casts a spell.
Dowan blinks!
The bullfrog barely misses you.
Really read the scroll of immolation?
As you read the scroll of immolation, it crumbles to dust.
The creatures around you are filled with an inner flame!
You feel sick. You block the centaur's attack.
The bullfrog skeleton closely misses you.
The bullfrog hits you.
Your ogre hits the centaur with a +0 giant club!!!
The centaur explodes!
The fiery explosion engulfs you!
* * * LOW HITPOINT WARNING * * *
The fiery explosion engulfs your ogre!
Your ogre is moderately wounded.
Your ogre disappears in a puff of smoke!
Your Shields skill increases to level 5!
The bullfrog skeleton misses you.
It was a potion of curing.
You feel better.
You are engulfed in blazing flames.
You die...

##.#....#.....##.
##..#..##......##.
##...c.............
##....#..#..<.......
##.....#..#...##.....
##.....##..#..## .....
#.....###..##.# .....
####+#######+#####......
....
.......).((((F@§§........
...
........#.##.Z§.§........
#.#....####...............
#...! #...........# #...#
#...........# #...
.........##.e# .....
..#.#..#....... .....
..#######... #.


You could see Dowan (inner flame), a bullfrog (inner flame) and a bullfrog
skeleton (inner flame).

Vanquished Creatures
  Prince Ribbit (D:5)
  2 phantoms
  An ice beast (D:6)
  A black bear (D:4)
  An ogre (D:5)
  3 centaurs
  A bullfrog (D:6)
  A gnoll sergeant (D:6)
  3 scorpions
  4 wights (D:6)
  2 crimson imps (D:6)
  A bullfrog skeleton (D:5)
  3 hounds
  2 orc wizards (D:5)
  5 worker ants
  2 hound skeletons
  A howler monkey zombie (D:6)
  A worker ant zombie (D:7)
  8 gnolls
  11 adders
  A shadow imp (D:5)
  3 oozes
  An adder skeleton (D:5)
  A worm (Sewer)
  A dart slug (D:3)
  4 leopard geckos
  8 orcs
  3 ball pythons
  5 giant cockroaches
  3 goblins
  6 hobgoblins
  11 jackals
  2 quokkas
  A ball python zombie (D:5)
  10 bats
  8 frilled lizards
  A jackal skeleton (D:4)
  2 kobolds
  2 leopard gecko zombies (D:5)
  15 rats
142 creatures vanquished.

Vanquished Creatures (collateral kills)
  Duvessa (D:7)
  A centaur (D:7)
2 creatures vanquished.

Grand Total: 144 creatures vanquished

Notes
Turn   | Place    | Note
-------+----------+-------------------------------------------
     0 | D:1      | foxmk the Minotaur Berserker began the quest for the Orb.
     0 | D:1      | Reached XP level 1. HP: 19/19 MP: 0/0
    43 | D:1      | Reached skill level 4 in Fighting
    43 | D:1      | Reached XP level 2. HP: 27/27 MP: 1/1
  1063 | D:2      | Reached XP level 3. HP: 31/34 MP: 2/2
  1312 | D:2      | Reached skill level 5 in Fighting
  1479 | D:2      | Reached XP level 4. HP: 31/42 MP: 3/3
  1689 | D:2      | Reached ** piety under Trog
  2012 | D:3      | Found a runed translucent gate.
  2012 | D:3      | Found a runed translucent gate.
  2012 | D:3      | Found a runed translucent gate.
  2174 | D:3      | Noticed Exporg's ghost (amateur MfGl)
  2478 | D:4      | Reached skill level 6 in Fighting
  2478 | D:4      | Reached XP level 5. HP: 50/50 MP: 4/4
  2536 | D:4      | Reached skill level 5 in Maces & Flails
  2618 | D:4      | Found a shattered altar of Ashenzari.
  2618 | D:4      | Found an iron altar of Okawaru.
  2623 | D:4      | Found a faded altar of an unknown god.
  2625 | D:4      | Found a faded altar of an unknown god.
  2627 | D:4      | Found a white marble altar of Elyvilon.
  2775 | D:4      | Noticed a black bear
  2776 | D:4      | Found a bloodstained altar of Trog.
  2782 | D:4      | Killed a black bear
  2782 | D:4      | Reached skill level 7 in Fighting
  2782 | D:4      | Reached XP level 6. HP: 59/60 MP: 5/5
  2845 | D:5      | Entered Level 5 of the Dungeon
  2867 | D:5      | Noticed Prince Ribbit
  2872 | D:5      | Killed Prince Ribbit
  2872 | D:5      | Reached skill level 8 in Fighting
  2889 | D:5      | Reached XP level 7. HP: 36/69 MP: 6/6
  3096 | D:5      | Reached *** piety under Trog
  3096 | D:5      | Reached skill level 9 in Fighting
  3149 | D:5      | Found a glowing drain.
  3171 | Sewer    | Entered a sewer
  3910 | D:5      | Found a staircase to the Ecumenical Temple.
  4358 | D:6      | Reached XP level 8. HP: 64/78 MP: 7/7
  4678 | D:6      | Reached skill level 5 in Armour
  4695 | D:6      | Reached **** piety under Trog
  4710 | D:6      | Reached skill level 10 in Fighting
  4720 | D:6      | Got a twisted shield
  6009 | D:6      | Identified the +5 shield of the Eleven Seas {Dex+2} (You
                  | found it on level 6 of the Dungeon)
  6076 | D:7      | Reached XP level 9. HP: 78/85 MP: 8/8
  6120 | D:7      | Noticed Duvessa
  6122 | D:7      | Noticed Dowan
  6130 | D:7      | Killed Duvessa
  6146 | D:7      | Reached skill level 5 in Shields
  6147 | D:7      | Engulfed by a cloud of flame

Levels and vault maps discovered:
D:1:      lemuel_arrival_tunnels, layout_basic
D:2:      layout_basic, first_ration
D:3:      layout_basic, gammafunk_ghost_icy
D:4:      layout_basic, chequers_temple_overflow_minitemple, bloody_trog
D:5:      layout_gridville, minmay_temple_entry_steel_oval,
          portal_sewer_entry_b, uniq_prince_ribbit1
D:6:      layout_basic
D:7:      layout_cave_pools, minmay_quadrilaterals, uniq_joseph, uniq_duvessa,
          uniq_menkaure

Skill      XL: |  1  2  3  4  5  6  7  8  9 |
---------------+----------------------------+-----
Fighting       | 4 5 6 7 8 9 10 | 10.2
Maces & Flails | 4 5 6 7 |  7.0
Armour         | 3 6 |  6.2
Shields        | 4 5 |  5.1
Dodging        | 3 4 |  4.1

Action                   |  1- 3 |  4- 6 |  7- 9 || total
-------------------------+-------+-------+-------++-------
Melee: Mace              |    66 |    68 |   211 ||   345
       Headbutt          |    10 |    15 |    47 ||    72
 Fire: Shortbow          |       |       |     3 ||     3
Invok: Brothers in Arms  |       |       |     2 ||     2
  Use: Scroll            |     2 |       |    11 ||    13
       Potion            |       |       |     1 ||     1
 Stab: Sleeping          |     1 |       |     1 ||     2
  Eat: Chunk             |     1 |     2 |     3 ||     6
       Ration            |       |     1 |     2 ||     3
Armor: Animal skin       |    15 |     8 |    18 ||    41
Dodge: Dodged            |    45 |    69 |   167 ||   281
Block: Shield            |       |       |    35 ||    35
